[ AOE2 MATCH · #508040008 ]
UnrankedMalians vs Tupi
Player's team · WIN
Rival team · LOSS
[ REPLAY ANALYSIS · EXTRACTED FROM THE RECORDED GAME ]
Feudal
9:16
Castle
—
Imperial
—
| APM avg | 54.4 |
| APM peak | 88 |
| eAPM avg | 20.3 |
| Villagers / military | 38 / 19 |
Focus
⚔️ 32.3% · 🌾 67.7%
Skirmisher ×13 · Militia ×4 · Archer ×2
Feudal
9:18
Castle
—
Imperial
—
| APM avg | 47.9 |
| APM peak | 78 |
| eAPM avg | 19.1 |
| Villagers / military | 36 / 12 |
Focus
⚔️ 39.3% · 🌾 60.7%
Unknown (2550) ×10 · Archer ×8 · Skirmisher ×4
Match map
Initial resources + every placement click. Lines = walls · curves = elevation contours. ◆ gold · ⬟ stone · ● berries · ✦ relic · ◌ wall gap
Your base· ✓ Closed at 12:00 · 45t walls · no gate
dragon1's base· Open — opponent sealed themselves in
Smoothed initial terrain · ◌ = detected wall gap · hover for details
Inputs per minute
— MrGrumpyFace - - dragon1
Build order — MrGrumpyFace
107 actions detected in the replay
| 0:00 | Queue | Villager (Male) |
| 0:01 | Build | House |
| 0:02 | Build | House |
| 0:21 | Queue | Villager (Male) |
| 0:28 | Queue | Villager (Male) |
| 0:33 | Queue | Villager (Male) |
| 1:30 | Queue | Villager (Male) |
| 1:56 | Queue | Villager (Male) |
| 2:02 | Build | Lumber Camp |
| 2:24 | Queue | Villager (Male) |
| 2:55 | Queue | Villager (Male) |
| 3:06 | Queue | Villager (Male) |
| 3:39 | Queue | Villager (Male) |
| 3:55 | Build | House |
| 3:58 | Build | Palisade Wall |
| 3:59 | Build | Palisade Wall |
| 3:59 | Build | Palisade Wall |
| 4:02 | Queue | Villager (Male) |
| 4:23 | Queue | Villager (Male) |
| 4:53 | Queue | Villager (Male) |
| 5:13 | Queue | Villager (Male) |
| 5:27 | Queue | Villager (Male) |
| 5:29 | Build | Barracks |
| 5:35 | Queue | Villager (Male) |
| 5:38 | Build | Palisade Wall |
| 6:01 | Build | House |
| 6:09 | Research | Loom |
| 6:18 | Build | Palisade Wall |
| 6:48 | Build | Palisade Wall |
| 6:50 | Queue | Militia |
| 6:56 | Research | Feudal Age |
| 7:09 | Queue | Militia |
| 7:24 | Build | House |
| 7:26 | Build | Palisade Wall |
| 7:27 | Build | Palisade Wall |
| 7:39 | Queue | Militia |
| 8:04 | Queue | Militia |
| 8:21 | Build | Mill |
| 8:51 | Queue | Villager (Male) |
| 9:16 | Age | Feudal Age |
| 9:31 | Queue | Villager (Male) |
| 9:37 | Build | Archery Range |
| 9:46 | Research | Double-Bit Axe |
| 9:56 | Queue | Villager (Male) |
| 10:10 | Queue | Villager (Male) |
| 10:22 | Research | Man-at-Arms (upgrade) |
| 10:28 | Queue | Villager (Male) |
| 11:03 | Queue | Villager (Male) |
| 11:05 | Queue | Skirmisher |
| 11:13 | Queue | Villager (Male) |
| 11:32 | Queue | Villager (Male) |
| 11:49 | Queue | Villager (Male) |
| 11:56 | Build | House |
| 12:10 | Queue | Villager (Male) |
| 12:16 | Queue | Skirmisher |
| 12:18 | Build | House |
| 12:22 | Build | Farm |
| 12:22 | Build | Farm |
| 12:23 | Build | Farm |
| 12:23 | Build | Farm |
| 12:42 | Queue | Skirmisher |
| 12:50 | Queue | Villager (Male) |
| 13:14 | Queue | Villager (Male) |
| 13:18 | Queue | Villager (Male) |
| 13:21 | Queue | Skirmisher |
| 13:31 | Build | Farm |
| 13:31 | Build | Farm |
| 13:38 | Build | Mining Camp |
| 13:42 | Build | Farm |
| 13:56 | Queue | Archer |
| 14:47 | Queue | Villager (Male) |
| 14:49 | Build | Blacksmith |
| 15:05 | Queue | Villager (Male) |
| 15:09 | Build | House |
| 15:11 | Queue | Skirmisher |
| 15:15 | Queue | Villager (Male) |
| 15:18 | Build | Farm |
| 15:24 | Build | Farm |
| 15:24 | Build | Farm |
| 15:31 | Research | Town Watch |
| 15:36 | Research | Fletching |
| 15:44 | Queue | Skirmisher |
| 15:51 | Build | Farm |
| 15:55 | Queue | Skirmisher |
| 16:01 | Queue | Villager (Male) |
| 16:03 | Build | House |
| 16:09 | Build | Palisade Wall |
| 16:10 | Build | Palisade Wall |
| 16:13 | Queue | Skirmisher |
| 16:20 | Queue | Villager (Male) |
| 16:23 | Queue | Skirmisher |
| 16:31 | Build | Farm |
| 16:32 | Build | Farm |
| 16:36 | Build | Farm |
| 16:38 | Queue | Skirmisher |
| 16:51 | Queue | Villager (Male) |
| 16:58 | Build | Watch Tower |
| 17:04 | Queue | Villager (Male) |
| 17:05 | Queue | Skirmisher |
| 17:15 | Queue | Villager (Male) |
| 17:25 | Queue | Skirmisher |
| 17:46 | Build | Market |
| 18:08 | Queue | Skirmisher |
| 18:22 | Queue | Archer |
| 18:30 | Build | House |
| 18:37 | Queue | Villager (Male) |
| 18:45 | Build | House |
Build order — dragon1
104 actions detected in the replay
| 0:01 | Queue | Villager (Male) |
| 0:01 | Queue | Villager (Male) |
| 0:01 | Queue | Villager (Male) |
| 0:02 | Build | House |
| 0:03 | Build | House |
| 0:40 | Queue | Villager (Male) |
| 1:06 | Queue | Villager (Male) |
| 1:38 | Queue | Villager (Male) |
| 1:46 | Build | Settlement |
| 1:58 | Queue | Villager (Male) |
| 2:28 | Queue | Villager (Male) |
| 2:55 | Queue | Villager (Male) |
| 3:40 | Queue | Villager (Male) |
| 3:56 | Queue | Villager (Male) |
| 4:25 | Queue | Villager (Male) |
| 4:51 | Queue | Villager (Male) |
| 5:09 | Queue | Villager (Male) |
| 5:09 | Queue | Villager (Male) |
| 5:17 | Build | Barracks |
| 5:32 | Queue | Villager (Male) |
| 6:05 | Queue | Villager (Male) |
| 6:07 | Build | House |
| 6:25 | Research | Loom |
| 7:08 | Research | Feudal Age |
| 7:19 | Queue | Unit 2550 |
| 7:20 | Queue | Unit 2550 |
| 7:55 | Queue | Unit 2550 |
| 7:56 | Queue | Unit 2550 |
| 8:19 | Build | Settlement |
| 9:18 | Age | Feudal Age |
| 9:20 | Build | Archery Range |
| 9:22 | Research | Double-Bit Axe |
| 9:25 | Research | Tech 1402 |
| 9:43 | Queue | Villager (Male) |
| 9:44 | Queue | Villager (Male) |
| 9:48 | Build | House |
| 10:03 | Queue | Archer |
| 10:04 | Queue | Archer |
| 10:05 | Queue | Villager (Male) |
| 10:46 | Queue | Archer |
| 10:50 | Build | Palisade Wall |
| 10:52 | Build | Palisade Wall |
| 10:58 | Queue | Villager (Male) |
| 11:02 | Build | House |
| 11:05 | Build | House |
| 11:12 | Build | Palisade Wall |
| 11:15 | Build | Palisade Wall |
| 11:20 | Queue | Villager (Male) |
| 11:38 | Build | Palisade Wall |
| 11:46 | Queue | Villager (Male) |
| 11:53 | Queue | Archer |
| 11:59 | Build | Watch Tower |
| 12:08 | Build | Palisade Wall |
| 12:20 | Queue | Skirmisher |
| 12:24 | Queue | Villager (Male) |
| 12:26 | Build | Farm |
| 12:27 | Build | Farm |
| 12:28 | Build | Farm |
| 12:30 | Build | Farm |
| 12:47 | Build | Farm |
| 12:50 | Build | House |
| 12:54 | Build | Palisade Gate |
| 12:59 | Build | Palisade Wall |
| 13:09 | Queue | Villager (Male) |
| 13:37 | Queue | Villager (Male) |
| 13:43 | Build | Settlement |
| 13:45 | Queue | Villager (Male) |
| 13:51 | Queue | Skirmisher |
| 14:03 | Queue | Archer |
| 14:04 | Queue | Archer |
| 14:16 | Build | Farm |
| 14:17 | Queue | Villager (Male) |
| 14:18 | Queue | Archer |
| 14:46 | Queue | Unit 2550 |
| 14:46 | Queue | Unit 2550 |
| 15:10 | Queue | Unit 2550 |
| 15:17 | Queue | Villager (Male) |
| 15:17 | Queue | Villager (Male) |
| 15:20 | Build | Farm |
| 15:27 | Build | House |
| 15:37 | Build | Farm |
| 15:39 | Queue | Villager (Male) |
| 15:48 | Build | Palisade Wall |
| 15:49 | Build | Palisade Wall |
| 16:09 | Build | Palisade Wall |
| 16:11 | Queue | Villager (Male) |
| 16:12 | Build | Farm |
| 16:16 | Build | Farm |
| 16:23 | Queue | Unit 2550 |
| 16:23 | Queue | Unit 2550 |
| 16:24 | Queue | Archer |
| 16:39 | Build | Watch Tower |
| 16:42 | Queue | Villager (Male) |
| 16:44 | Build | Farm |
| 17:09 | Queue | Villager (Male) |
| 17:26 | Queue | Skirmisher |
| 17:26 | Queue | Skirmisher |
| 17:28 | Queue | Unit 2550 |
| 17:36 | Queue | Villager (Male) |
| 17:38 | Build | Farm |
| 18:10 | Build | House |
| 18:20 | Build | Watch Tower |
| 18:31 | Build | Watch Tower |
| 18:34 | Queue | Villager (Male) |
Match timeline
| 3:58 | MrGrumpyFace · wall_segment Palisade Wall x10 |
| 3:59 | MrGrumpyFace · wall_segment Palisade Wall x1 |
| 3:59 | MrGrumpyFace · wall_segment Palisade Wall x1 |
| 5:17 | dragon1 · first_building Barracks |
| 5:29 | MrGrumpyFace · first_building Barracks |
| 5:38 | MrGrumpyFace · wall_segment Palisade Wall x3 |
| 6:18 | MrGrumpyFace · wall_segment Palisade Wall x8 |
| 6:48 | MrGrumpyFace · wall_segment Palisade Wall x8 |
| 7:26 | MrGrumpyFace · wall_segment Palisade Wall x8 |
| 7:27 | MrGrumpyFace · wall_segment Palisade Wall x7 |
| 9:16 | MrGrumpyFace · age_up feudal |
| 9:18 | dragon1 · age_up feudal |
| 9:20 | dragon1 · first_building Archery Range |
| 9:37 | MrGrumpyFace · first_building Archery Range |
| 10:50 | dragon1 · wall_segment Palisade Wall x1 |
| 10:52 | dragon1 · wall_segment Palisade Wall x1 |
| 11:12 | dragon1 · wall_segment Palisade Wall x1 |
| 11:15 | dragon1 · wall_segment Palisade Wall x1 |
| 11:38 | dragon1 · wall_segment Palisade Wall x1 |
| 12:08 | dragon1 · wall_segment Palisade Wall x1 |
| 12:59 | dragon1 · wall_segment Palisade Wall x1 |
| 15:48 | dragon1 · wall_segment Palisade Wall x1 |
| 15:49 | dragon1 · wall_segment Palisade Wall x1 |
| 16:09 | MrGrumpyFace · wall_segment Palisade Wall x1 |
| 16:09 | dragon1 · wall_segment Palisade Wall x1 |
| 16:10 | MrGrumpyFace · wall_segment Palisade Wall x1 |
| 18:45 | dragon1 · resign |
[ AI ANALYSIS · 1 CREDIT ]
What really happened in this match?
Wolo.gg analyzes every decision: build order, eco, micro, common mistakes by bracket. Personalized analysis on WhatsApp or Discord in 30 seconds.
Civ guide
Malians
Perfil
Jugador #2639194